 Dungeon Crawl Stone Soup version 0.28-a0-563-gf77a47075d (webtiles) character file.

Game seed: 14448730943816253487

246850 jasper the Peltast (level 19, -1/202 (204) HPs)
             Began as a Demonspawn Warper on Sept 30, 2021.
             Was a High Priest of Ashenzari.
             Slain by a ghostly deep elf blademaster (3 damage)
             ... on level 3 of the Elven Halls.
             The game lasted 01:38:22 (42022 turns).

jasper the Peltast (Demonspawn Warper)             Turns: 42022, Time: 01:38:23

HP:   -1/202 (204)  AC: 31    Str: 11    XL:     19   Next: 21%
MP:   0/31          EV: 18    Int: 32    God:    Ashenzari [*****.]
Gold: 192           SH: 27    Dex: 17    Spells: 3/34 levels left

rFire   + + +      SeeInvis +     - Unarmed
rCold   . . .      Faith    .   F - +4 tower shield of the Unyielding Gaze {+Inv rF+ Dex+4, Elem, Melee} (curse)
rNeg    + + .      Spirit   +   (armour currently unavailable)
rPois   ∞          Reflect  .   (helmet unavailable)
rElec   +          Harm     .   S - +0 cloak "the Ego of Ashenzari" {Range, Cun} (curse)
rCorr   +          Rampage  .   (gloves currently unavailable)
Will    +++..      Clarity  +   (boots currently unavailable)
Stlth   ++........              p - amulet "I Knew You'd Do That" {RegenMP rN+ rCorr SInv, Alch, Self} (curse)
HPRegen 0.43/turn               s - ring of the Mage {Wiz Will++ Int+3, Comp, Fort} (curse)
MPRegen 0.69/turn               Y - ring of the Chained Seer {Int+6, Melee, Cun} (curse)

@: about to teleport, statue-form, studying Hexes, lightly drained, very slow
A: slow and powerful, torment resistance 1, boosted hp, horns 3, molten scales
3, spiny 1, augmentation 1, magic shield, magic regeneration, magic link, talons
1, clever 1, deformed body, fire resistance 1, sense surroundings 1, weak 1
}: 1/15 runes: serpentine
a: End Transformation, Renounce Religion, Evoke Invisibility, Curse Item,
Shatter the Chains


You were on level 3 of the Elven Halls.
You worshipped Ashenzari.
Ashenzari was extremely pleased with you.
You were a living statue of rough stone.
You visited 7 branches of the dungeon, and saw 35 of its levels.
You also visited: Ossuary and Bailey.

You collected 5214 gold pieces.
You spent 5022 gold pieces at shops.

Inventory:

Missiles
 a - a silver boomerang
 c - 5 boomerangs of dispersal
 i - 1174 stones
 j - 6 curare-tipped darts
 l - 14 boomerangs (quivered)
 n - 5 javelins
 r - 160 poisoned darts
 O - 2 throwing nets
Armour
 q - a +0 pair of boots of flying
 y - the cursed +0 pair of boots of Ashenzari's Altruism (melded) {Range, Cun}
   (You found it on level 6 of the Dungeon)

   It has a curse which improves the following skills: Ranged Combat: Slings,
   Bows, Crossbows and Throwing.
   Cunning:   Dodging and Stealth.
 F - the cursed +4 tower shield of the Unyielding Gaze (worn) {+Inv rF+ Dex+4, Elem, Melee}
   (You bought it in a shop on level 2 of the Dungeon)

   Dex:       It affects your dexterity (+4).
   rF:        It protects you from fire.
   +Inv:      It lets you turn invisible.
   It has a curse which improves the following skills: Elements: Fire Magic, Ice
   Magic, Air Magic and Earth Magic.
   Melee Combat: Short Blades, Long Blades, Axes, Maces & Flails, Polearms,
   Staves and Unarmed Combat.
 S - the cursed +0 cloak "the Ego of Ashenzari" (worn) {Range, Cun}
   (You took it off Maurice on level 9 of the Dungeon)

   It has a curse which improves the following skills: Ranged Combat: Slings,
   Bows, Crossbows and Throwing.
   Cunning:   Dodging and Stealth.
 T - the cursed +5 steam dragon scales of Ashenzari's Secrets (melded) {Fort, Alch}
   (You took it off Maggie on level 10 of the Dungeon)

   It has a curse which improves the following skills: Fortitude: Armour and
   Shields.
   Alchemy:   Poison Magic and Transmutations.
 Z - the cursed +0 pair of gloves of Ashenzari's Idealism (melded) {Fort, Range}
   (You found it on level 1 of the Lair of Beasts)

   It has a curse which improves the following skills: Fortitude: Armour and
   Shields.
   Ranged Combat: Slings, Bows, Crossbows and Throwing.
Jewellery
 p - the cursed amulet "I Knew You'd Do That" (around neck) {RegenMP rN+ rCorr SInv, Alch, Self}
   (You bought it in a shop on level 1 of the Snake Pit)

   [amulet of magic regeneration]

   It increases your rate of magic regeneration.
   rN:        It protects you from negative energy.
   SInv:      It lets you see invisible.
   rCorr:     It protects you from acid and corrosion.
   It has a curse which improves the following skills: Alchemy: Poison Magic and
   Transmutations.
   Introspection: Fighting and Spellcasting.
 s - the cursed ring of the Mage (left fist) {Wiz Will++ Int+3, Comp, Fort}
   (You bought it in a shop on level 2 of the Orcish Mines)

   [ring of wizardry]

   It improves your spell success rate.
   Int:       It affects your intelligence (+3).
   Will:      It greatly increases your willpower.
   It has a curse which improves the following skills: Companions: Summonings
   and Necromancy.
   Fortitude: Armour and Shields.
 Y - the cursed ring of the Chained Seer (right fist) {Int+6, Melee, Cun}
   (You bought it in a shop on level 5 of the Dungeon)

   [ring of intelligence]

   Int:       It affects your intelligence (+6).
   It has a curse which improves the following skills: Melee Combat: Short
   Blades, Long Blades, Axes, Maces & Flails, Polearms, Staves and Unarmed
   Combat.
   Cunning:   Dodging and Stealth.
Wands
 h - a wand of iceblast (33)
 C - a wand of flame (171)
 D - a wand of paralysis (13)
 H - a wand of polymorph (40)
 P - a wand of digging (4)
 Q - a wand of charming (21)
Scrolls
 d - 5 scrolls of enchant armour
 e - 14 scrolls of teleportation
 f - 6 scrolls of magic mapping
 m - 3 scrolls of amnesia
 A - 11 scrolls of fog
 L - 3 scrolls of fear
 R - 2 scrolls of summoning
 U - a scroll of silence
Potions
 b - a potion of invisibility
 g - 2 potions of mutation
 k - 9 potions of ambrosia
 u - 4 potions of attraction
 v - 7 potions of flight
 x - 2 potions of magic
 z - 10 potions of might
 B - 4 potions of cancellation
 E - 2 potions of berserk rage
 K - 2 potions of resistance
 M - 4 potions of haste
 V - 13 potions of curing
 X - 3 potions of lignification
Miscellaneous
 o - a tin of tremorstones (2/2)


   Skills:
 + Level 13.3(16.0) Fighting
 - Level 0.8(2.2) Throwing
 - Level 0.8(2.2) Armour
 + Level 7.3(11.5) Dodging
 - Level 20.0(22.4) Shields
 * Level 15.1(19.2) Unarmed Combat
 - Level 5.4(8.1) Spellcasting
 - Level 3.4 Conjurations
 - Level 3.1 Hexes
 - Level 6.2(9.0) Necromancy
 - Level 4.3 Translocations
 - Level 9.1(11.8) Transmutations
 - Level 5.3(8.0) Ice Magic
 - Level 3.0(5.3) Air Magic
 - Level 8.9(11.6) Earth Magic
 - Level 3.4(5.8) Poison Magic


You had 3 spell levels left.
You knew the following spells:

 Your Spells              Type           Power      Damage    Failure   Level
a - Blink                 Tloc           N/A        N/A       1%          2
b - Simulacrum            Ice/Necr       30%        N/A       10%         6
c - Apportation           Tloc           80%        N/A       1%          1
d - Animate Skeleton      Necr           100%       N/A       1%          1
e - Statue Form           Tmut/Erth      48%        N/A       2%          6
f - Mephitic Cloud        Conj/Pois/Air  44%        N/A       1%          3
g - Ozocubu's Armour      Ice            59%        N/A       1%          3
h - Olgreb's Toxic Radia  Pois           50%        N/A       1%          4
i - Yara's Violent Unrav  Hex/Tmut       28%        3d12      2%          5

Your spell library contained the following spells:

 Spells                   Type           Power      Damage    Failure   Level
 Freeze                   Ice            100%       1d11      1%          1
 Magic Dart               Conj           100%       1d8       1%          1
 Pain                     Necr           100%       1d9       1%          1
 Shock                    Conj/Air       100%       1d9       1%          1
 Sting                    Tmut/Pois      100%       1d8       1%          1
 Summon Small Mammal      Summ           60%        N/A       1%          1
 Corpse Rot               Necr/Air       N/A        N/A       1%          2
 Poisonous Vapours        Pois/Air       96%        N/A       1%          2
 Searing Ray              Conj           68%        2d6       1%          2
 Slow                     Hex            32%        N/A       1%          2
 Static Discharge         Conj/Air       40%        N/A       1%          2
 Confusing Touch          Hex            32%        N/A       1%          3
 Dazzling Flash           Conj/Hex       66%        N/A       1%          3
 Gell's Gravitas          Tloc           20%        N/A       1%          3
 Lesser Beckoning         Tloc           40%        N/A       1%          3
 Portal Projectile        Hex/Tloc       72%        N/A       1%          3
 Teleport Other           Tloc           40%        N/A       1%          3
 Call Imp                 Summ           15%        N/A       2%          2
 Scorch                   Fire           30%        2d7       2%          2
 Inner Flame              Hex/Fire       24%        N/A       3%          3
 Summon Guardian Golem    Hex/Summ       24%        N/A       3%          3
 Call Canine Familiar     Summ           15%        N/A       5%          3
 Animate Dead             Necr           31%        N/A       1%          4
 Leda's Liquefaction      Hex/Erth       28%        N/A       1%          4
 Agony                    Necr           63%        N/A       1%          5
 Borgnjor's Vile Clutch   Necr/Erth      34%        N/A       1%          5
 Excruciating Wounds      Necr           31%        N/A       1%          5
 Lee's Rapid Deconstruct  Erth           36%        3d19*     1%          5
 Fulminant Prism          Conj/Hex       16%        3d11      5%          4
 Cause Fear               Hex            16%        N/A       6%          4
 Summon Lightning Spire   Summ/Air       31%        N/A       6%          4
 Freezing Cloud           Conj/Ice/Air   24%        6-21      6%          5
 Death Channel            Necr           31%        N/A       8%          6
 Flame Wave               Conj/Fire      25%        3d6       10%         4
 Lightning Bolt           Conj/Air       20%        1d35      10%         5
 Manifold Assault         Tloc           40%        N/A       10%         5
 Storm Form               Tmut/Air       30%        N/A       43%         7
 Conjure Ball Lightning   Conj/Air       20%        3x3d6     45%         6
 Ozocubu's Refrigeration  Ice            29%        4d10      52%         7
 Summon Cactus Giant      Summ           7%         N/A       92%         6
 Orb of Destruction       Conj           17%        9d8       98%         7
 Malign Gateway           Summ/Tloc      14%        N/A       99%         7
 Lehudib's Crystal Spear  Conj/Erth      28%        10d8      99%         8
 Spellforged Servitor     Conj/Summ      12%        N/A       100%        7
 Discord                  Hex            16%        N/A       100%        8
 Disjunction              Tloc           20%        N/A       100%        8
 Maxwell's Capacitive Co  Air            23%        ∞         100%        8
 Polar Vortex             Ice            29%        N/A       100%        9


Dungeon Overview and Level Annotations

Branches:
Dungeon (15/15)            Temple (1/1) D:7            Lair (6/6) D:9
  Swamp (4/4) Lair:3        Snake (4/4) Lair:4        Slime (0/5) Lair:5
    Orc (2/2) D:9             Elf (3/3) Orc:2        Vaults (0/5) D:14
 Depths (0/4) D:15        Ossuary (visited)          Bailey (visited)

Altars:
Ashenzari
Cheibriados
Dithmenos
Elyvilon
Fedhas
Gozag
Hepliaklqana
Kikubaaqudgha
Makhleb
Nemelex Xobeh
Okawaru
Qazlal
Ru
Sif Muna
Trog
Uskayaw
Vehumet
Wu Jian
Xom
Yredelemnul
Zin
The Shining One
Jiyva

Shops:
D:2 [   D:5 **((:   D:15 *   Orc:2 =*=(   Elf:2 ?   Elf:3 *!(*?   Snake:1 =:=
Snake:2 *   Snake:3 (   Snake:4 !

Annotations:
D:5 2 transporters
Lair:5 exclusion: oklob plant
Swamp:4 Donald; Kirke; Lernaean hydra
Snake:1 2 transporters, Ugeupsej's ghost, adept MiBe
Snake:4 3 runed translucent doors, Caonejir's ghost, adept TrHu
Elf:2 6 runed translucent doors, Zasomp's ghost, veteran MiFi
Elf:3 3 runed translucent doors, 1 exclusion


Innate Abilities, Weirdness & Mutations

You are a living statue of rough stone.
Your actions are slow, but your melee attacks are powerful.
You are resistant to unholy torment.
Your maximum health is greatly increased.
You are immune to poison.
Your equipment is partially melded.
You have a pair of large horns on your head.
(You are completely covered in molten scales. (AC +4, rF+))
You are partially covered in sharp spines.
Your magical and physical power is slightly enhanced at high health.
When hurt, damage is shared between your health and your magic reserves.
You regenerate magic rapidly.
When low on magic, you restore magic in place of health.
You have sharp toenails.
Your mind is acute. (Int +2)
Armour fits poorly on your strangely shaped body.
Your flesh is heat resistant. (rF+)
You passively map a small area around you.
You are weak. (Str -2)


Message History

Your kick misses the ghostly deep elf blademaster.
The ghostly deep elf blademaster is severely damaged.
You block the ghostly deep elf blademaster's attack. x2
You block the ghostly deep elf death mage's attack.
As you read the scroll of fear, it crumbles to dust.
You assume a fearsome visage.
The ghostly deep elf death mage is unaffected.
The ghostly deep elf blademaster is unaffected.
The deep elf blademaster easily resists.
The lost soul is unaffected.
The deep elf master archer resists with almost no effort.
You block the ghostly deep elf blademaster's attack.
The ghostly deep elf blademaster hits you with a +0 rapier.
* * * LOW HITPOINT WARNING * * *
The ghostly deep elf death mage hits you but does no damage.
The ghostly deep elf blademaster completely misses you.
The ghostly deep elf blademaster barely misses you.
The ghostly deep elf death mage hits you but does no damage.
You take 1 damage, and have 24/202 hp.
As you read the scroll of teleportation, it crumbles to dust.
You feel strangely unstable.
You block the ghostly deep elf blademaster's attack.
The ghostly deep elf blademaster hits you with a +0 rapier!
* * * LOW HITPOINT WARNING * * *
You block the ghostly deep elf blademaster's attack.
The ghostly deep elf blademaster hits you but does no damage.
The ghostly deep elf blademaster hits you with a +0 rapier!!
* * * LOW HITPOINT WARNING * * *
You block the ghostly deep elf blademaster's attack.
You take 20 damage, and have 4/202 hp.
You now have 3/31 mp.
Unknown command.
You feel better.
The ghostly deep elf blademaster misses you.
The ghostly deep elf blademaster hits you with a +0 rapier!
* * * LOW HITPOINT WARNING * * *
The ghostly deep elf death mage casts a spell at you.
The bolt of negative energy misses you.
You block the ghostly deep elf blademaster's attack.
The ghostly deep elf blademaster hits you with a +0 rapier.
You die...

######## **##############
*,$:($=(######## *
**$(|(:})8e#####******
***
*#[|$})[ee)e###,,,,,***,,
###=|$|[$$*'....⌠,,,,+,,
####|$}#####...,,*****
#########**.*** * *,* *,*
***** *,* *,,,* *,*


You could see a deep elf blademaster, a ghostly deep elf blademaster, a deep elf
master archer, a ghostly deep elf death mage and a lost soul (summoned).

Vanquished Creatures
  Vashnia (Snake:4)
  Bai Suzhen (Snake:3)
  Rupert (Lair:3)
  A tentacled monstrosity (Swamp:3)
  3 deep elf blademasters (Elf:3)
  Asterion (Elf:3)
  2 quicksilver dragons (Snake:4)
  Frances (Snake:2)
  3 deep elf master archers (Elf:3)
  Gastronok (D:8)
  A thorn hunter (Swamp:3)
  Roxanne (Swamp:4)
  A fenstrider witch (Swamp:3)
  3 nagarajas (Snake:2)
  A deep elf sorcerer (Elf:3)
  A deep elf elementalist (Elf:3)
  The ghost of siradein the Nimble, a journeyman DjGl of Gozag (Lair:6)
  3 deep elf annihilators
  9 bunyips
  Azrael (D:14)
  2 eleionomae
  Snorg (Orc:2)
  An ettin (D:15)
  4 deep elf death magi (Elf:3)
  Josephine (Lair:5)
  8 naga warriors
  A shambling mangrove (Swamp:3)
  A deep elf high priest (Elf:1)
  5 boulder beetles
  2 vault guards (D:14)
  15 hydras
  A rakshasa (D:14)
  Harold (D:9)
  7 centaur warriors
  3 salamander tyrants
  6 anacondas
  A death knight (D:12)
  A ghost crab (Swamp:1)
  An ogre mage (D:15)
  5 catoblepae
  6 two-headed ogres
  12 death yaks (Lair:6)
  Erica (D:9)
  15 dancing weapons
  8 alligators
  2 tengu warriors
  2 orc high priests (Elf:2)
  14 naga sharpshooters
  Nergalle (Lair:2)
  5 deep elf knights
  10 shock serpents
  A hell knight (D:15)
  Sonja (Lair:2)
  6 salamander mystics
  7 skeletal warriors
  A spectral death yak (Lair:6)
  3 spriggan druids
  A bog body (Swamp:2)
  4 goliath frogs
  A spectral hydra (Lair:6)
  A deep troll (D:15)
  5 deep elf archers
  20 deep elf pyromancers
  7 orc knights
  7 swamp dragons
  2 phantasmal warriors (D:12)
  A harpy (shapeshifter) (D:14)
  6 naga ritualists
  A lindwurm (Lair:6)
  7 mana vipers
  4 necromancers
  An orc sorcerer (D:11)
  24 deep elf zephyrmancers
  5 manticores
  An orb spider (shapeshifter) (Elf:2)
  2 ugly things
  14 salamanders
  8 cyclopes
  3 will-o-the-wisps
  2 torpor snails
  32 black mambas
  Joseph (D:7)
  Maurice (D:9)
  15 naga magi
  9 elephants (Lair:6)
  Maggie (D:10)
  A gargoyle (D:10)
  6 guardian serpents (Snake:4)
  12 cane toads
  A rime drake (Lair:6)
  Psyche (D:9)
  2 efreet (D:14)
  6 komodo dragons
  10 hornets
  5 trolls
  A queen bee (D:12)
  6 meliai
  2 tyrant leeches
  23 blink frogs
  A spectral dream sheep (Lair:6)
  9 slime creatures
  5 dream sheep (Lair:6)
  5 spriggans
  A spriggan (shapeshifter) (D:11)
  4 air elementals
  3 shadows
  3 water elementals
  6 wraiths
  6 wyverns
  A vampire (D:14)
  68 yaks
  6 hogs (Swamp:4)
  20 humans (D:14)
  4 basilisks
  9 fire elementals
  Grum (D:8)
  A vampire mosquito (D:9)
  4 steam dragons
  12 swamp worms
  5 wargs
  5 acid dragons
  27 nagas
  14 water moccasins
  A hell hound (D:14)
  A spectral torpor snail (Lair:6)
  5 swamp drakes
  A floating eye (shapeshifter) (Elf:3)
  5 ice beasts
  3 black bears
  An ice beast (shapeshifter) (D:14)
  47 orc warriors
  2 sky beasts (D:7)
  A black mamba simulacrum (Lair:6)
  6 ogres
  12 wolves
  A necrophage (D:6)
  20 centaurs
  2 phantoms (D:9)
  3 kobold brigands
  14 bullfrogs
  A gnoll sergeant (D:10)
  A cane toad simulacrum (Lair:6)
  3 scorpions
  2 troll zombies (D:9)
  A wyvern skeleton (D:7)
  25 killer bees
  6 electric eels
  5 wights (D:6)
  4 howler monkeys
  9 centaur zombies
  2 bullfrog zombies (D:6)
  5 hounds (D:5)
  4 jellies
  3 gnoll shamans
  11 orc priests
  A bullfrog skeleton (D:6)
  2 iguanas
  16 orc wizards
  2 killer bee zombies (D:8)
  6 ogre zombies (D:9)
  A hound skeleton (D:6)
  6 mummies (Ossuary)
  22 gnolls
  8 adders
  A shadow imp (D:7)
  14 white imps
  An ufetubus (D:4)
  An adder skeleton (D:4)
  7 worms
  84 orcs
  7 endoplasms
  3 giant cockroaches (D:1)
  6 goblins
  8 hobgoblins
  7 jackals
  15 kobolds
  2 quokkas
  8 ball pythons
  5 bats
  7 frilled lizards
  2 goblin skeletons (D:9)
  4 goblin zombies (D:9)
  2 hobgoblin skeletons (D:9)
  6 hobgoblin zombies
  16 orc zombies (D:9)
  6 rats
1164 creatures vanquished.

Vanquished Creatures (collateral kills)
  A nagaraja (Snake:4)
  Louise (Swamp:1)
  A bunyip (Swamp:1)
  A salamander tyrant (Snake:4)
  An alligator (Swamp:1)
  A naga sharpshooter (Snake:4)
  2 swamp dragons
  A spriggan druid (Swamp:1)
  A guardian serpent (Snake:4)
  A black mamba (Snake:4)
  A tyrant leech (Swamp:1)
  2 orc warriors (Bailey)
  7 vampire mosquitoes (Swamp:1)
  3 swamp worms
  A swamp drake (Swamp:4)
25 creatures vanquished.

Vanquished Creatures (others)
  Nikola (Snake:2)
  A two-headed ogre (D:9)
  A naga sharpshooter (Snake:2)
  A mana viper (Snake:2)
  A deep elf pyromancer (D:15)
  A bloated husk (Swamp:2)
  A spriggan (Swamp:3)
  A hog (Swamp:4)
  3 nagas (Snake:2)
  An orc warrior (Bailey)
  A kobold (D:14)
  4 briar patches
  32 foxfires
  34 fungi
  63 plants
146 creatures vanquished.

Grand Total: 1335 creatures vanquished

Notes
Turn   | Place    | Note
-------+----------+-------------------------------------------
     0 | D:1      | jasper the Demonspawn Warper began the quest for the Orb.
     0 | D:1      | Reached XP level 1. HP: 16/16 MP: 3/3
   967 | D:1      | Gained mutation: You regenerate magic rapidly. [demonic
                  | ancestry]
   967 | D:1      | Reached XP level 2. HP: 20/22 MP: 5/5
  2050 | D:2      | Found a faded altar of an unknown god.
  2082 | D:2      | Gained mutation: When hurt, damage is shared between your
                  | health and your magic reserves. [demonic ancestry]
  2082 | D:2      | Reached XP level 3. HP: 12/27 MP: 6/6
  2264 | D:3      | Found a hazy altar of Hepliaklqana.
  2853 | D:2      | Gained mutation: You passively map a small area around you.
                  | [potion of mutation]
  2853 | D:2      | Gained mutation: You are dopey. (Int -2) [potion of
                  | mutation]
  2860 | D:2      | HP: 2/40 [poisoned by an adder]
  3440 | D:2      | Reached XP level 4. HP: 33/33 MP: 7/7
  3922 | D:3      | Learned a level 2 spell: Blink
  3931 | D:3      | Learned a level 3 spell: Gell's Gravitas
  4996 | D:5      | Entered Level 5 of the Dungeon
  5054 | D:5      | Gained mutation: You have a pair of small horns on your
                  | head. [demonic ancestry]
  5054 | D:5      | Reached XP level 5. HP: 28/38 MP: 8/8
  5218 | D:5      | Reached skill level 5 in Unarmed Combat
  5523 | D:5      | Found Ystuek's Weapon Shoppe.
  5523 | D:5      | Found Ynoebuo's Book Shop.
  5628 | D:5      | Identified the +1 chain mail of Absolutism {rPois Regen+
                  | Str+2}
  5708 | D:5      | Noticed an ice beast
  5719 | D:5      | Killed an ice beast
  5720 | D:5      | Reached XP level 6. HP: 44/44 MP: 9/9
  5720 | D:5      | Noticed an orc warrior
  5755 | D:5      | Killed an orc warrior
  6103 | D:5      | Gained mutation: You have a pair of horns on your head.
                  | [demonic ancestry]
  6103 | D:5      | Reached XP level 7. HP: 50/50 MP: 10/10
  6135 | D:5      | Found Kaith's General Store.
  6231 | D:5      | Found a blossoming altar of Fedhas.
  6275 | D:5      | Found Naanep's General Store.
  6394 | D:5      | Found a transporter.
  6432 | D:5      | Found a transporter.
  6540 | D:5      | Found Pauc's Antique Weapon Shop.
  7079 | D:6      | Gained mutation: You are partially covered in molten
                  | scales. (AC +2) [demonic ancestry]
  7079 | D:6      | Reached XP level 8. HP: 44/56 MP: 11/11
  7101 | D:6      | Learned a level 1 spell: Apportation
  7103 | D:6      | Learned a level 1 spell: Animate Skeleton
  7214 | D:6      | Found a stormy altar of Qazlal.
  7278 | D:6      | Found a sand-covered staircase.
  7308 | Ossuary  | Entered an ossuary
  7537 | Ossuary  | Identified a scroll of acquirement
  7537 | Ossuary  | Acquired 457 gold pieces
  7730 | D:6      | Reached skill level 10 in Unarmed Combat
  7783 | D:6      | Found a sparkling altar of Nemelex Xobeh.
  7829 | D:6      | Found a burning altar of Makhleb.
  7918 | D:6      | Got the Compendium of Supportive Combat Magic
  7953 | D:6      | Found an ancient bone altar of Kikubaaqudgha.
  7954 | D:6      | Found an ornate altar of the Wu Jian Council.
  8083 | D:7      | Gained mutation: You have a pair of large horns on your
                  | head. [demonic ancestry]
  8083 | D:7      | Reached XP level 9. HP: 58/61 MP: 12/12
  8263 | D:7      | Noticed a troll
  8270 | D:7      | Killed a troll
  8528 | D:7      | Noticed a cyclops
  8550 | D:7      | Killed a cyclops
  8657 | D:7      | Found a shadowy altar of Dithmenos.
  8697 | D:7      | Found an opulent altar of Gozag.
  8733 | D:7      | Reached skill level 1 in Shields
  8744 | D:7      | Reached skill level 10 in Fighting
  8744 | D:7      | Gained mutation: You are partially covered in sharp spines.
                  | [demonic ancestry]
  8744 | D:7      | Reached XP level 10. HP: 76/86 MP: 13/13
  8795 | D:7      | Found a staircase to the Ecumenical Temple.
  8801 | Temple   | Entered the Ecumenical Temple
  9067 | D:7      | Noticed Joseph
  9071 | D:7      | Killed Joseph
  9072 | D:7      | Reached skill level 2 in Shields
 10290 | D:2      | Found Mewk's Antique Armour Emporium.
 10314 | D:2      | Bought an ichor-stained tower shield for 285 gold pieces
 10314 | D:2      | Identified the +4 tower shield of Vlad {+Inv rF+ Dex+4}
                  | (You bought it in a shop on level 2 of the Dungeon)
 10694 | D:5      | Bought a wand of acid (5) for 216 gold pieces
 10806 | D:8      | Noticed Gastronok
 10838 | D:8      | Killed Gastronok
 10839 | D:8      | Reached skill level 4 in Shields
 10839 | D:8      | Reached XP level 11. HP: 76/92 MP: 12/14
 10978 | D:8      | Noticed a two-headed ogre
 10987 | D:8      | Killed a two-headed ogre
 10988 | D:8      | Reached skill level 1 in Necromancy
 11379 | D:8      | Noticed Grum
 11402 | D:8      | Killed Grum
 11403 | D:8      | Reached skill level 5 in Shields
 11615 | D:8      | Found a shimmering blue altar of Sif Muna.
 11975 | D:9      | Found a staircase to the Orcish Mines.
 11975 | D:9      | Noticed Harold
 12108 | D:8      | Paralysed by a hornet for 2 turns
 12220 | D:9      | Noticed Erica
 12249 | D:9      | Killed Erica
 12370 | D:9      | Reached skill level 6 in Shields
 12372 | D:9      | Noticed a red ugly thing
 12372 | D:9      | Noticed a two-headed ogre
 12424 | D:9      | Killed a red ugly thing
 12459 | D:9      | Noticed Psyche
 12465 | D:9      | Killed Psyche
 12517 | D:9      | Killed Harold
 12518 | D:9      | Reached skill level 7 in Shields
 12884 | Temple   | Became a worshipper of Ashenzari the Shackled
 13205 | D:9      | Found a snail-covered altar of Cheibriados.
 13245 | D:9      | Noticed Maurice
 13545 | D:9      | Found a staircase to the Lair.
 13590 | D:9      | Killed Maurice
 13639 | D:10     | Entered Level 10 of the Dungeon
 13648 | D:10     | Noticed a skeletal warrior
 13648 | D:10     | Noticed a skeletal warrior
 13690 | D:10     | Noticed Maggie
 13696 | D:10     | Killed Maggie
 13728 | D:10     | Reached skill level 8 in Shields
 13729 | D:10     | Found a viscous altar of Jiyva.
 13775 | D:10     | Reached XP level 12. HP: 100/100 MP: 15/15
 14054 | D:11     | Reached skill level 9 in Shields
 14381 | D:11     | Reached skill level 10 in Shields
 14406 | D:11     | Reached * piety under Ashenzari
 14782 | D:11     | Found a sparkling altar of Nemelex Xobeh.
 14946 | D:11     | Noticed a tengu warrior
 14946 | D:11     | Noticed a five-headed hydra
 14958 | D:11     | Killed a tengu warrior
 14959 | D:11     | Killed a five-headed hydra
 14960 | D:11     | Reached skill level 11 in Shields
 15639 | D:12     | Reached ** piety under Ashenzari
 15843 | D:12     | Reached skill level 12 in Shields
 15901 | D:12     | Found a flagged portal.
 15916 | Bailey   | Entered a bailey
 16141 | Bailey   | Learned a level 6 spell: Statue Form
 16200 | D:12     | Acquired 539 gold pieces
 16390 | D:5      | Bought a +6 ring of intelligence for 702 gold pieces
 16746 | D:10     | Gained mutation: You are mostly covered in molten scales.
                  | (AC +3) [demonic ancestry]
 16746 | D:10     | Reached XP level 13. HP: 77/109 MP: 14/18
 16762 | D:10     | Reached skill level 1 in Transmutations
 16762 | D:10     | Reached skill level 1 in Earth Magic
 16877 | D:10     | Found a basalt altar of Yredelemnul.
 17147 | D:10     | Reached *** piety under Ashenzari
 17174 | D:10     | Learned a level 3 spell: Mephitic Cloud
 17329 | Lair:1   | Entered Level 1 of the Lair of Beasts
 18012 | Lair:2   | Reached **** piety under Ashenzari
 18172 | Lair:2   | Noticed Sonja
 18282 | Lair:2   | Killed Sonja
 18283 | Lair:2   | Reached skill level 1 in Conjurations
 18283 | Lair:2   | Reached skill level 1 in Air Magic
 18283 | Lair:2   | Reached skill level 1 in Poison Magic
 18480 | Lair:2   | Noticed Nergalle
 18503 | Lair:2   | Killed Nergalle
 19068 | Lair:3   | Reached ***** piety under Ashenzari
 19199 | Lair:3   | Found a staircase to the Swamp.
 19223 | Lair:3   | Noticed Rupert
 19231 | Lair:3   | Paralysed by Rupert for 6 turns
 19289 | Lair:3   | Paralysed by Rupert for 4 turns
 19312 | Lair:3   | Killed Rupert
 20538 | Lair:4   | Reached skill level 5 in Spellcasting
 20806 | Lair:4   | Found a staircase to the Snake Pit.
 20815 | Lair:4   | Gained mutation: You are completely covered in molten
                  | scales. (AC +4, rF+) [demonic ancestry]
 20815 | Lair:4   | Reached XP level 14. HP: 112/119 MP: 23/25
 21333 | Lair:5   | Found a blossoming altar of Fedhas.
 21347 | Lair:5   | Identified the +2 buckler "Odysuull" {Harm rPois rN+}
 21367 | Lair:5   | Noticed Josephine
 21391 | Lair:5   | Killed Josephine
 21427 | Lair:5   | Identified the cursed +0 cloak "the Ego of Ashenzari"
                  | {Range, Cun} (You took it off Maurice on level 9 of the
                  | Dungeon)
 21427 | Lair:5   | Identified the cursed +0 pair of gloves of Ashenzari's
                  | Idealism {Fort, Range} (You found it on level 1 of the Lair
                  | of Beasts)
 21427 | Lair:5   | Identified the cursed +0 pair of boots of Ashenzari's
                  | Altruism {Range, Cun} (You found it on level 6 of the
                  | Dungeon)
 21427 | Lair:5   | Identified the cursed +5 steam dragon scales of Ashenzari's
                  | Secrets {Fort, Alch} (You took it off Maggie on level 10 of
                  | the Dungeon)
 21505 | Lair:5   | Reached skill level 5 in Transmutations
 21538 | Lair:5   | Reached skill level 5 in Earth Magic
 21677 | Lair:5   | Found a staircase to the Slime Pits.
 21958 | Lair:5   | Found a viscous altar of Jiyva.
 22126 | Lair:6   | Entered Level 6 of the Lair of Beasts
 22183 | Lair:6   | Reached skill level 13 in Shields
 23494 | Lair:6   | Identified the Grimoire of the Freezing Birds
 23906 | Lair:6   | Gained mutation: Your magical and physical power is
                  | slightly enhanced at high health. [demonic ancestry]
 23906 | Lair:6   | Reached XP level 15. HP: 98/125 MP: 23/26
 23929 | Lair:6   | Found a runed translucent gate.
 24104 | Lair:6   | Found a runed translucent gate.
 24104 | Lair:6   | Found a runed translucent gate.
 24110 | Lair:6   | Noticed siradein's ghost (journeyman DjGl)
 24932 | Lair:6   | Killed siradein's ghost
 25248 | D:5      | Bought a Young Poisoner's Handbook for 240 gold pieces
 25248 | D:5      | Bought Ozocubu's Autobiography for 288 gold pieces
 25252 | D:5      | Learned a level 3 spell: Ozocubu's Armour
 25257 | D:5      | Learned a level 4 spell: Olgreb's Toxic Radiance
 25381 | Orc:1    | Entered Level 1 of the Orcish Mines
 25703 | Orc:2    | Entered Level 2 of the Orcish Mines
 25886 | Orc:2    | Noticed Snorg
 25929 | Orc:2    | Killed Snorg
 26116 | Orc:2    | Found Lyree's Jewellery Shoppe.
 26116 | Orc:2    | Found Sabiazaj's General Store.
 26116 | Orc:2    | Found Ynah's Jewellery Boutique.
 26162 | Orc:2    | Found Qifao's Antique Weapon Emporium.
 26169 | Orc:2    | Bought the ring of the Mage {Wiz Will++ Int+3} for 878 gold
                  | pieces
 26169 | Orc:2    | Found the ring of the Mage {Wiz Will++ Int+3}
 26170 | Orc:2    | Bought a scroll of torment for 120 gold pieces
 26350 | Orc:2    | Reached skill level 1 in Hexes
 26372 | Orc:2    | Learned a level 5 spell: Yara's Violent Unravelling
 26583 | Orc:2    | Found a staircase to the Elven Halls.
 26937 | Orc:1    | Reached skill level 1 in Ice Magic
 27789 | D:13     | Identified the +0 leather armour of Juolass {rCorr}
 28143 | D:13     | Reached skill level 14 in Shields
 28436 | D:14     | Found a gate to the Vaults.
 28814 | D:14     | Reached skill level 15 in Shields
 28913 | D:14     | Noticed Azrael
 28937 | D:14     | Killed Azrael
 29359 | D:15     | Entered Level 15 of the Dungeon
 29553 | D:15     | Gained mutation: When low on magic, you restore magic in
                  | place of health. [demonic ancestry]
 29553 | D:15     | Reached XP level 16. HP: 132/132 MP: 28/28
 30130 | D:15     | Reached skill level 16 in Shields
 30346 | D:15     | Found a staircase to the Depths.
 30435 | D:15     | Found a stormy altar of Qazlal.
 30494 | D:15     | Found Wagg's Elemental Accessories.
 30849 | Snake:1  | Entered Level 1 of the Snake Pit
 30853 | Snake:1  | Found Eqeos's Jewellery Shop.
 30854 | Snake:1  | Found Juider's Book Shoppe.
 30857 | Snake:1  | Found Etsik's Jewellery Shop.
 30884 | Snake:1  | Bought the amulet of Qaali {RegenMP rN+ rCorr SInv} for 867
                  | gold pieces
 31160 | Snake:1  | Noticed Ugeupsej's ghost (adept MiBe)
 31161 | Snake:1  | Found a transporter.
 31164 | Snake:1  | Identified the +1 pair of boots of Ofiet {*Slow rPois rN+}
 31164 | Snake:1  | Identified the +1 hat of Darkness {Fly}
 31181 | Snake:1  | Found a transporter.
 31319 | Snake:1  | Reached skill level 17 in Shields
 31970 | Snake:2  | Noticed Frances
 31979 | Snake:2  | Killed Frances
 31979 | Snake:2  | Gained mutation: You sometimes lose the ability to read
                  | scrolls when taking damage. [you]
 32002 | Snake:2  | Lost mutation: You sometimes lose the ability to read
                  | scrolls when taking damage. [potion of mutation]
 32002 | Snake:2  | Lost mutation: You are dopey. (Int -2) [potion of mutation]
 32002 | Snake:2  | Gained mutation: You are weak. (Str -2) [potion of
                  | mutation]
 32002 | Snake:2  | Gained mutation: Your flesh is heat resistant. (rF+)
                  | [potion of mutation]
 32002 | Snake:2  | Gained mutation: You have sharp toenails. [potion of
                  | mutation]
 32002 | Snake:2  | Gained mutation: Your mind is acute. (Int +2) [potion of
                  | mutation]
 32074 | Snake:2  | Noticed Nikola
 32085 | Snake:2  | Killed Nikola
 32461 | Snake:2  | Reached skill level 18 in Shields
 32881 | Snake:2  | Found Winaemp's Assorted Antiques.
 32890 | Snake:2  | Bought a scroll of immolation for 84 gold pieces
 32890 | Snake:2  | Bought a scroll of fog for 48 gold pieces
 33507 | Snake:3  | Reached XP level 17. HP: 138/138 MP: 25/29
 33604 | Snake:3  | Noticed Bai Suzhen
 33616 | Snake:3  | Killed Bai Suzhen
 33846 | Snake:3  | Found Ivvel's Antique Weapon Boutique.
 34058 | Snake:3  | Reached skill level 19 in Shields
 34159 | Snake:3  | Learned a level 6 spell: Simulacrum
 34290 | Snake:4  | Entered Level 4 of the Snake Pit
 34749 | Snake:4  | Noticed Vashnia
 34909 | Snake:4  | Killed Vashnia
 35195 | Snake:4  | Noticed a quicksilver dragon
 35196 | Snake:4  | Noticed a quicksilver dragon
 35219 | Snake:4  | Killed a quicksilver dragon
 35227 | Snake:4  | HP: 4/139 [quicksilver dragon/bolt of dispelling energy
                  | (20)]
 35232 | Snake:4  | Killed a quicksilver dragon
 35722 | Snake:4  | Reached skill level 5 in Necromancy
 35794 | Snake:4  | Got a serpentine rune of Zot
 35864 | Snake:4  | Found a runed translucent gate.
 35865 | Snake:4  | Found a runed translucent gate.
 35866 | Snake:4  | Found a runed translucent gate.
 35869 | Snake:4  | Noticed Caonejir's ghost (adept TrHu)
 36299 | Snake:4  | Found Mesuf's Distillery.
 36305 | Snake:4  | Bought a potion of curing for 57 gold pieces
 36305 | Snake:4  | Bought a potion of curing for 57 gold pieces
 36305 | Snake:4  | Bought a potion of curing for 57 gold pieces
 36305 | Snake:4  | Bought a potion of curing for 57 gold pieces
 36627 | Swamp:1  | Entered Level 1 of the Swamp
 36734 | Swamp:1  | Noticed Louise
 36739 | Swamp:1  | Killed Louise
 36787 | Swamp:1  | Identified the +1 ring mail of Piaxovan {rC+ Dex+3}
 37103 | Swamp:2  | Acquired a book of Chaos
 37215 | Swamp:2  | Identified the +9 trident "Cyreb" {vorpal, *Rage rElec rF+
                  | rN++}
 37579 | Swamp:3  | Noticed a tentacled monstrosity
 37583 | Swamp:3  | Reached XP level 18. HP: 53/147 MP: 8/30
 37965 | Swamp:3  | Killed a tentacled monstrosity
 38433 | Swamp:4  | Entered Level 4 of the Swamp
 38456 | Swamp:4  | Noticed Kirke
 38474 | Swamp:4  | Acquired 450 gold pieces
 38606 | Swamp:4  | Identified Roxanne's Volume of the Mountains
 38606 | Swamp:4  | Noticed Roxanne
 38727 | Swamp:4  | Killed Roxanne
 38728 | Swamp:4  | Reached skill level 5 in Dodging
 38728 | Swamp:4  | Reached skill level 20 in Shields
 38735 | Swamp:4  | Reached skill level 5 in Ice Magic
 38955 | Swamp:4  | Noticed Donald
 38965 | Swamp:4  | Noticed the 27-headed Lernaean hydra
 38968 | Swamp:4  | Identified the +0 trident of Crusades {vorpal, Fly rC-
                  | Int+4 Stlth+}
 39594 | Elf:1    | Entered Level 1 of the Elven Halls
 40294 | Elf:2    | Paralysed by an air elemental for 1 turns
 40298 | Elf:2    | Paralysed by an air elemental for 1 turns
 40371 | Elf:2    | Found Ivvel's Magic Scroll Shop.
 40409 | Elf:2    | Bought a scroll of fog for 38 gold pieces
 40409 | Elf:2    | Bought a scroll of teleportation for 57 gold pieces
 40409 | Elf:2    | Bought a scroll of teleportation for 57 gold pieces
 40409 | Elf:2    | Bought a scroll of teleportation for 57 gold pieces
 40555 | Elf:2    | Gained mutation: Armour fits poorly on your strangely
                  | shaped body. [a neqoxec]
 40703 | Elf:2    | Found a runed translucent gate.
 40703 | Elf:2    | Found a runed translucent gate.
 40705 | Elf:2    | Found a runed translucent gate.
 40832 | Elf:2    | Found a runed translucent gate.
 40838 | Elf:2    | Found a runed translucent gate.
 40838 | Elf:2    | Found a runed translucent gate.
 40839 | Elf:2    | Noticed Zasomp's ghost (veteran MiFi)
 41185 | Elf:3    | Entered Level 3 of the Elven Halls
 41282 | Elf:3    | Noticed Asterion
 41288 | Elf:3    | Killed Asterion
 41503 | Elf:3    | Found Qootodghu's Assorted Antiques.
 41503 | Elf:3    | Found Cizucs's Weapon Shoppe.
 41504 | Elf:3    | Found Modiomy's Distillery.
 41508 | Elf:3    | Found Teer's Magic Scroll Emporium.
 41534 | Elf:3    | Bought a scroll of teleportation for 39 gold pieces
 41534 | Elf:3    | Bought a scroll of fog for 26 gold pieces
 41534 | Elf:3    | Bought a scroll of teleportation for 39 gold pieces
 41534 | Elf:3    | Bought a scroll of summoning for 123 gold pieces
 41540 | Elf:3    | Bought a potion of haste for 150 gold pieces
 41540 | Elf:3    | Bought a potion of haste for 150 gold pieces
 41540 | Elf:3    | Bought a potion of curing for 45 gold pieces
 41540 | Elf:3    | Bought a potion of ambrosia for 120 gold pieces
 41540 | Elf:3    | Bought a potion of heal wounds for 75 gold pieces
 41540 | Elf:3    | Bought a potion of curing for 45 gold pieces
 41540 | Elf:3    | Bought a potion of curing for 45 gold pieces
 41578 | Elf:3    | Reached XP level 19. HP: 157/157 MP: 31/31
 41621 | Elf:3    | Found Rocwaeh's General Store.
 41641 | Elf:3    | Found a runed translucent gate.
 41642 | Elf:3    | Found a runed translucent gate.
 41643 | Elf:3    | Found a runed translucent gate.
 41976 | Elf:3    | Reached skill level 15 in Unarmed Combat
 42001 | Elf:3    | Identified the +1 chain mail of the Sky {Regen+ Dex+2}
 42001 | Elf:3    | Found the ring of the Octopus King {AC+1 EV+1 Str+1 Int+1
                  | Dex+1 SInv}
 42001 | Elf:3    | Found the ring of the Octopus King {AC+1 EV+1 Str+1 Int+1
                  | Dex+1 SInv}
 42001 | Elf:3    | Identified the +10 flail of Zin's Wrath {elec, rElec}
 42001 | Elf:3    | Identified the Compendium of the Scarab
 42013 | Elf:3    | Identified the +3 crystal plate armour of Tenacity {Int+2
                  | Dex+4}
 42021 | Elf:3    | HP: 4/202 [ghostly deep elf blademaster (12)]
 42022 | Elf:3    | Slain by a ghostly deep elf blademaster

Illustrated notes

Levels and vault maps discovered:
D:1:      matt_arrival_grand_opening, layout_loops_corners
D:2:      layout_basic, serial_shops, nicolae_shop_overgrown_old_shop,
          dreamdust_ecumenical_altar_grove, chequers_avenue, hex_large
D:3:      layout_basic, mainiacjoe_overflow_brackets, kennysheep_flooded_box,
          minivault_14
D:4:      layout_cave_pods
D:5:      gammafunk_wand_slinger, layout_layer_cave,
          lemuel_coloured_pillars_altar, serial_shops, nicolae_shop_trees, shop,
          shop, shop, shop_statue
D:6:      layout_cave_pools, old_standard_altar, general_overflow_altar,
          makhleb_blood_cavern_becter, nicolae_overflow_crystal_walls,
          mainiacjoe_overflow_divided_tiny, enter_ossuary_1
D:7:      layout_loops_ring, nicolae_dithmenos_the_darkroom,
          nicolae_overflow_hidden_temple, minmay_temple_entry_hall, uniq_joseph
D:8:      cheibrodos_helix_gallery, layout_basic, led_sif_pool,
          chequers_big_river, the_hattery, uniq_grum, uniq_gastronok
D:9:      nzn_winding_woodlands_small [nzn_winding_woodlands_5x15_jagged,
          nzn_winding_woodlands_center_lodge,
          nzn_winding_woodlands_5x15_lazy_stream], layout_long_grid,
          chei_slow_surprise, lair_entry_dummy, zombieorc2_lemuel,
          lightli_orcish_oven, uniq_maurice, uniq_harold, uniq_psyche,
          uniq_erica
D:10:     layout_loops_ring, mainiacjoe_overflow_surrounded_room, jiyva_altar_1,
          uniq_maggie
D:11:     wad_statue_garden, layout_basic, serial_curves, eino_curves_01,
          eino_curves_03, nemelex_xobeh_ov_fountains_minmay
D:12:     layout_roguey, enter_bailey_4, special_room [special_room_bee]
D:13:     layout_basic
D:14:     layout_irregular_city, grunt_vaults_entry_tiered, grunt_decor_clamped,
          corexii_checkpoint_a, uniq_azrael
D:15:     hangedman_depths_entry_civil_slaughter, layout_loops_ring,
          nicolae_qazlal_style_of_elements, nicolae_elemental_shop
Temple:   compressed_dpeg_triangle_lava_temple
Lair:1:   layout_misc_corridors, basic_altar, lemuel_fruit_fields,
          serial_bayou_shore_b
Lair:2:   layout_roguey, grunt_megastairs_2, uniq_sonja, uniq_nergalle
Lair:3:   layout_cave_shapes, minmay_swamp_entry_worms,
          portal_ice_cave_entry_imps, chequers_serial_rivers_micro_d,
          lemuel_fruit_tree, uniq_rupert
Lair:4:   layout_regular_city, guppyfry_snake_entry_island, nzn_sisyphean_effort
Lair:5:   minmay_lair_oklob_tunnel, layout_cave_shapes, slime_altar_1,
          basic_altar, guppyfry_lair_drakes, grunt_megastairs_1,
          infiniplex_staircase_pool, uniq_josephine
Lair:6:   evilmike_catoblepas_cave, layout_cave_pods,
          gammafunk_ghost_necromancy, serial_bayou_shore_a
Swamp:1:  layout_falls_marsh, serial_swamp_ruin, evilmike_swamp_ruin_rubble_1,
          evilmike_swamp_ruin_house_2, uniq_louise
Swamp:2:  layout_falls_marsh, evilmike_swamp_ruin_rubble_2, swamp_pool3,
          infiniplex_staircase_pool_2
Swamp:3:  layout_falls_marsh, evilmike_swamp_ruin_house_4, swamp_pool2
Swamp:4:  swamp_old_school, layout_basic_swamp, swamp_pool1, uniq_donald,
          uniq_roxanne, uniq_kirke
Snake:1:  layout_onion, gammafunk_ghost_berserking_beasts, serial_bayou_shore_b,
          minmay_shop_grove, serial_bayou_shore_b
Snake:2:  layout_onion, serial_shops, nicolae_lakefront_shop, drop_trap,
          uniq_frances, uniq_nikola
Snake:3:  layout_grid_maze, serial_shops, nicolae_shop_stone, drop_trap,
          uniq_bai_suzhen
Snake:4:  hellmonk_snake_rune_quicksilver_temple, layout_cave_town,
          serial_shops, shop, gammafunk_ghost_necromancy,
          nicolae_snake_double_loop, drop_trap, uniq_vashnia
Orc:1:    layout_caves
Orc:2:    st_orc_rangers, layout_diamond_mine, special_room, uniq_snorg
Elf:1:    eino_elf_arrival_sip, layout_gridlike, hangedman_elf_represent,
          st_stairs_10
Elf:2:    elven_hall_of_blades_hangedman_original [nicolae_blade_little_rooms],
          layout_gridlike, serial_shops, shop, ebering_ghost_rock_garden,
          hex_tiny, glass_columns_a
Elf:3:    minmay_elf_hall, layout_loops_cross, serial_shops, shop,
          ploomutoo_gammafunk_ghost_potion_laboratory, drop_trap,
          minmay_shoptagon, uniq_asterion

Skill      XL: |  1  2  3  4  5  6  7  8  9 10 11 12 13 14 15 16 17 18 19 |
---------------+----------------------------------------------------------+-----
Unarmed Combat | 2 3 4 5 6 8 10 12 13 14 15 | 15.1
Translocations | 3 4 |  4.3
Shields        | 1 4 8 12 13 15 18 19 20 | 20.0
Fighting       | 10 11 13 | 13.3
Necromancy     | 2 3 6 |  6.2
Transmutations | 4 7 9 |  9.1
Earth Magic    | 4 7 8 |  8.9
Spellcasting   | 5 |  5.4
Conjurations   | 3 |  3.4
Air Magic      | 3 |  3.0
Poison Magic   | 3 |  3.4
Hexes          | 3 |  3.1
Ice Magic      | 1 4 5 |  5.3
Dodging        | 4 6 7 |  7.3
Throwing       | |  0.8
Armour         | |  0.8

Action                   |  1- 3 |  4- 6 |  7- 9 | 10-12 | 13-15 | 16-18 | 19-21 || total
-------------------------+-------+-------+-------+-------+-------+-------+-------++-------
Melee: Unarmed           |   178 |   198 |   312 |   662 |  1446 |   876 |    44 ||  3716
       Headbutt          |       |     5 |    57 |   154 |   304 |   162 |     5 ||   687
       Kick              |       |       |       |       |       |   143 |    10 ||   153
Throw: Stone             |    24 |    31 |       |       |       |       |       ||    55
       Boomerang         |     3 |       |       |       |     2 |     5 |       ||    10
       Dart              |       |     9 |    22 |    33 |    76 |       |       ||   140
 Cast: Mephitic Cloud    |       |       |       |       |    10 |     2 |     2 ||    14
       Animate Skeleton  |       |       |       |       |     2 |     7 |       ||     9
       Blink             |       |       |       |       |     1 |     3 |       ||     4
       Olgreb's Toxic Ra |       |       |       |       |    43 |    46 |    10 ||    99
       Statue Form       |       |       |       |       |     9 |    91 |     3 ||   103
       Ozocubu's Armour  |       |       |       |       |     2 |       |       ||     2
       Gell's Gravitas   |       |       |       |       |     1 |       |       ||     1
       Yara's Violent Un |       |       |       |       |       |     3 |       ||     3
       Simulacrum        |       |       |       |       |       |    24 |     1 ||    25
Invok: Curse Item        |       |       |       |     3 |     5 |     2 |       ||    10
       Shatter the Chain |       |       |       |       |     1 |     1 |       ||     2
Evoke: Wand              |       |     5 |     1 |    36 |    12 |     8 |       ||    62
       Tin of tremorston |       |       |       |       |       |     2 |       ||     2
  Use: Scroll            |     2 |     5 |     8 |     9 |     9 |    14 |     3 ||    50
       Potion            |     2 |     2 |     5 |     6 |     3 |     8 |     3 ||    29
 Stab: Paralysed         |       |     7 |     2 |       |       |       |       ||     9
       Petrified         |       |       |       |       |     9 |       |       ||     9
       Sleeping          |       |       |       |       |     4 |     2 |     1 ||     7
       Confused          |       |       |       |       |     2 |     2 |     2 ||     6
       Distracted        |       |       |       |       |       |     1 |       ||     1
Armor: Leather armour    |    42 |       |       |       |       |       |       ||    42
       Skin              |     7 |       |    47 |       |    54 |   612 |    21 ||   741
       Ring mail         |       |    63 |       |       |       |       |       ||    63
       Chain mail        |       |    10 |   110 |   188 |     4 |       |       ||   312
       Steam dragon scal |       |       |       |       |   271 |    16 |       ||   287
Dodge: Dodged            |    70 |    83 |    79 |   105 |   343 |   578 |    39 ||  1297
Block: Buckler           |    17 |    29 |    55 |    67 |       |       |       ||   168
       Tower shield      |       |       |       |   465 |  1686 |  1732 |   132 ||  4015

Table legend: (Time is in decaauts)
 A = Elapsed time spent in this place.
 B = Non-inter-level travel time spent in this place.
 C = Inter-level travel time spent in this place.
 D = Time resting spent in this place.
 E = Time spent auto-exploring this place.
 F = Levels seen in this place.
 G = Mean time per level.
                   A        B        C        D        E       F      G
               +--------+--------+--------+--------+--------+-----+--------+
         Total |  44386 |  41236 |   3150 |   5067 |  24601 |  37 | 1199.6 |
       Dungeon |  20882 |  18895 |   1987 |   2256 |  12015 |  15 | 1392.1 |
        Temple |    245 |    197 |     48 |      0 |    175 |   1 |  245.0 |
          Lair |   7779 |   7331 |    448 |    469 |   4654 |   6 | 1296.5 |
         Swamp |   3469 |   3334 |    135 |    876 |   1428 |   4 |  867.2 |
     Snake Pit |   6724 |   6547 |    177 |   1175 |   3491 |   4 | 1681.0 |
  Orcish Mines |   1851 |   1680 |    171 |     12 |   1162 |   2 |  925.5 |
   Elven Halls |   2903 |   2722 |    181 |    100 |   1659 |   3 |  967.7 |
       Ossuary |    248 |    248 |      0 |    136 |     15 |   1 |  248.0 |
        Bailey |    281 |    281 |      0 |     41 |      0 |   1 |  281.0 |
               +--------+--------+--------+--------+--------+-----+--------+

Top non-repeatable levels by time:
  Lair:6: 2767 daAuts
 Snake:3: 2498 daAuts
     D:5: 2189 daAuts
     D:1: 1992 daAuts
     D:2: 1889 daAuts
     D:9: 1766 daAuts
 Snake:4: 1668 daAuts
    D:11: 1528 daAuts
     D:3: 1447 daAuts
  Lair:2: 1432 daAuts
     D:8: 1384 daAuts
 Snake:1: 1363 daAuts
    D:15: 1338 daAuts
   Orc:2: 1262 daAuts
    D:14: 1231 daAuts
